AoeStats
← Marbas

Arena

508038938Analyzed
1v1 RM · 12d ago on Sep 20, 2026· 23m 36s· 2 players
Game mode
Random Map
Map size
Tiny (2 player)
Population
200
Speed
Normal
Resources
Standard
Victory
Conquest
Starting age
Dark Age
Ending age
Imperial Age
RankedLock teamsTeams togetherTeam positionsShared explorationLock speedFull tech treeHidden civsTurbo modeCheats
Victory
Defeat
🇷🇺 Byzantines · Russia
1783
+15
🇩🇪 Vikings · Germany
1763
-15
2
9:20 Feudal Age
9:34 Loom
10:20 Double-Bit Axe
12:09 Horse Collar
19:23 Castle Age
17:52 Scale Mail Armor
18:37 Forging
18:23 Man-at-Arms
20:12 Long Swordsman
21:32 Chain Mail Armor
22:30 Arson
Marbas
10:34 Feudal Age
10:25 Loom
11:18 Double-Bit Axe
15:56 Castle Age
15:22 Horse Collar
16:54 Bow Saw
Connection lost

Rejoining the realm…

Still unreachable

The connection could not be restored.

Session expired

The server has moved on; the page needs a fresh start.